NWL (28 & UNDER)
MOOSE JAW GHOSTBUSTERS @ RED DEER WRANGLERS
06/05/2026
 
TOP OF THE 1ST
Moose Jaw Ghostbusters batting - Pitching for Red Deer Wranglers : RHP Paul Barton
Pitching: RHP Paul Barton
Batting: RHB Dan Hooper 0-0: Ball
1-0: Foul Ball, location: 2F
1-1: Foul Ball, location: 2F
1-2: Foul Ball, location: 2F
1-2: Strikes out looking
Batting: RHB Ángel García 0-0: Ball
1-0: Fly out, F3 (Popup, 3DF)
Batting: RHB John Major 0-0: Ball
1-0: Fly out, F9 (Flyball, 9M)
Top of the 1st over - 0 run(s), 0 hit(s), 0 error(s), 0 left on base; Moose Jaw 0 - Red Deer 0
BOTTOM OF THE 1ST
Red Deer Wranglers batting - Pitching for Moose Jaw Ghostbusters : RHP Ken Rogers
Pitching: RHP Ken Rogers
Batting: RHB Tom Rowe 0-0: Ball
1-0: Bunt for hit - play at first, batter OUT! 1-3
Batting: RHB Carlos Peña 0-0: Ball
1-0: Called Strike
1-1: Ball
2-1: Ball
3-1: Foul Ball, location: 2F
3-2: Foul Ball, location: 2F
3-2: Foul Ball, location: 2F
3-2: Strikes out swinging
Batting: LHB Greg Nelson 0-0: Called Strike
0-1: Ball
1-1: Foul Ball, location: 2F
1-2: Ball
2-2: Fly out, F8 (Line Drive, 8LS)
Bottom of the 1st over - 0 run(s), 0 hit(s), 0 error(s), 0 left on base; Moose Jaw 0 - Red Deer 0
TOP OF THE 2ND
Moose Jaw Ghostbusters batting - Pitching for Red Deer Wranglers : RHP Paul Barton
Batting: RHB Paco Hernández 0-0: Called Strike
0-1: Ball
1-1: Called Strike
1-2: Ball
2-2: Ball
3-2: SINGLE (Groundball, 5D)
Batting: LHB John Christopher 0-0: Ball
1-0: Ball
2-0: Ground out 4-3 (Groundball, 4M)
Paco Hernández to second
Batting: RHB Luis Miguel Sánchez 0-0: Called Strike
0-1: Ball
1-1: Foul Ball, location: 2F
1-2: Ball
2-2: Ball
3-2: Strikes out swinging
Batting: SHB Martín Cruz 0-0: Foul Ball, location: 2F
0-1: Ball
1-1: Foul Ball, location: 2F
1-2: Ball
2-2: Ball
3-2: Fly out, F7 (Flyball, 7LS)
Top of the 2nd over - 0 run(s), 1 hit(s), 0 error(s), 1 left on base; Moose Jaw 0 - Red Deer 0
BOTTOM OF THE 2ND
Red Deer Wranglers batting - Pitching for Moose Jaw Ghostbusters : RHP Ken Rogers
Batting: LHB Fred Abrams 0-0: Called Strike
0-1: Foul Ball, location: 2F
0-2: Foul Ball, location: 2F
0-2: Foul Ball, location: 2F
0-2: Strikes out swinging
Batting: LHB Enrico Vargas 0-0: Ball
1-0: Foul Ball, location: 2F
1-1: Ball
2-1: Ball
3-1: Base on Balls
Batting: LHB Jorge Olvera 0-0: Ball
1-0: Foul Ball, location: 2F
1-1: Ball
2-1: Foul Ball, location: 2F
2-2: Ball
3-2: Foul Ball, location: 2F
3-2: Fly out, F7 (Flyball, 7LS)
Batting: RHB Francisco López 0-0: Ball
1-0: Called Strike
1-1: Ball
Enrico Vargas steals 2nd base
2-1: Fly out, F8 (Flyball, 8RS)
Bottom of the 2nd over - 0 run(s), 0 hit(s), 0 error(s), 1 left on base; Moose Jaw 0 - Red Deer 0
TOP OF THE 3RD
Moose Jaw Ghostbusters batting - Pitching for Red Deer Wranglers : RHP Paul Barton
Batting: RHB Juan Vázquez 0-0: Called Strike
0-1: Ball
1-1: Swinging Strike
1-2: Ball
2-2: Strikes out swinging
Batting: LHB John Robbins 0-0: Fly out, F7 (Flyball, 7M)
Batting: RHB Dan Hooper 0-0: Fly out, F3 (Popup, 3SF)
Top of the 3rd over - 0 run(s), 0 hit(s), 0 error(s), 0 left on base; Moose Jaw 0 - Red Deer 0
BOTTOM OF THE 3RD
Red Deer Wranglers batting - Pitching for Moose Jaw Ghostbusters : RHP Ken Rogers
Batting: LHB Andrew Veeck 0-0: Ball
1-0: Called Strike
1-1: Ball
2-1: Swinging Strike
2-2: Fly out, F7 (Flyball, 7M)
Batting: LHB Del Kennedy 0-0: Ball
1-0: Foul Ball, location: 2F
1-1: Ball
2-1: Foul Ball, location: 2F
2-2: Strikes out looking
Batting: RHB Tom Rowe 0-0: Called Strike
0-1: Ball
1-1: Ball
2-1: SINGLE (Groundball, 6MD)
Batting: RHB Carlos Peña 0-0: Ball
1-0: Called Strike
Tom Rowe is caught stealing 2nd base
Bottom of the 3rd over - 0 run(s), 1 hit(s), 0 error(s), 0 left on base; Moose Jaw 0 - Red Deer 0
TOP OF THE 4TH
Moose Jaw Ghostbusters batting - Pitching for Red Deer Wranglers : RHP Paul Barton
Batting: RHB Ángel García 0-0: Ball
1-0: Ball
2-0: Ground out 4-3 (Groundball, 4M)
Batting: RHB John Major 0-0: Called Strike
0-1: Ball
1-1: Ball
2-1: SINGLE (Line Drive, 4)
Batting: RHB Paco Hernández 0-0: Fly out, F8 (Flyball, 8RM)
Batting: LHB John Christopher 0-0: Ball
1-0: SINGLE (Groundball, 56D)
John Major to second
Batting: RHB Luis Miguel Sánchez 0-0: Fly out, F8 (Flyball, 8LD)
Top of the 4th over - 0 run(s), 2 hit(s), 0 error(s), 2 left on base; Moose Jaw 0 - Red Deer 0
BOTTOM OF THE 4TH
Red Deer Wranglers batting - Pitching for Moose Jaw Ghostbusters : RHP Ken Rogers
Batting: RHB Carlos Peña 0-0: Swinging Strike
0-1: Called Strike
0-2: Strikes out looking
Batting: LHB Greg Nelson 0-0: Ball
1-0: Foul Ball, location: 2F
1-1: Ball
2-1: Swinging Strike
2-2: Strikes out swinging
Batting: LHB Fred Abrams 0-0: Called Strike
0-1: Swinging Strike
0-2: Strikes out looking
Bottom of the 4th over - 0 run(s), 0 hit(s), 0 error(s), 0 left on base; Moose Jaw 0 - Red Deer 0
TOP OF THE 5TH
Moose Jaw Ghostbusters batting - Pitching for Red Deer Wranglers : RHP Paul Barton
Batting: SHB Martín Cruz 0-0: Called Strike
0-1: Called Strike
0-2: Ball
1-2: SINGLE (Groundball, 56)
Batting: RHB Juan Vázquez 0-0: Called Strike
0-1: Ball
1-1: SINGLE (Groundball, 6MD)
Martín Cruz to second
Runner from 2nd tries for 3rd, SAFE, throw made to third
Batting: LHB John Robbins 0-0: Called Strike
Juan Vázquez steals 2nd base
0-1: Fly out, F9 (Flyball, 89M)
Runner from 3rd tags up, SCORES, no throw
Batting: RHB Dan Hooper 0-0: Swinging Strike
0-1: Ball
Wild Pitch!
Juan Vázquez to third
1-1: Fly out, F9 (Flyball, 8RD)
Runner from 3rd tags up, SCORES, no throw
Batting: RHB Ángel García 0-0: Ball
1-0: SINGLE (Flyball, 4D)
Batting: RHB John Major 0-0: SINGLE (Groundball, 56D)
Ángel García to second
Batting: RHB Paco Hernández 0-0: Ball
1-0: Called Strike
1-1: Ball
2-1: Fly out, F5 (Popup, 25)
Top of the 5th over - 2 run(s), 4 hit(s), 0 error(s), 2 left on base; Moose Jaw 2 - Red Deer 0
BOTTOM OF THE 5TH
Red Deer Wranglers batting - Pitching for Moose Jaw Ghostbusters : RHP Ken Rogers
Batting: LHB Enrico Vargas 0-0: Called Strike
0-1: SINGLE (Flyball, 7LS)
Batting: LHB Jorge Olvera 0-0: Called Strike
0-1: Ball
1-1: Foul Ball, location: 2F
1-2: Strikes out looking
Batting: RHB Francisco López 0-0: Ball
1-0: Ball
2-0: Ball
3-0: Called Strike
3-1: Fly out, F9 (Flyball, 89M)
Batting: LHB Andrew Veeck 0-0: Ball
1-0: Foul Ball, location: 2F
1-1: Called Strike
1-2: Strikes out looking
Bottom of the 5th over - 0 run(s), 1 hit(s), 0 error(s), 1 left on base; Moose Jaw 2 - Red Deer 0
TOP OF THE 6TH
Moose Jaw Ghostbusters batting - Pitching for Red Deer Wranglers : RHP Paul Barton
Batting: LHB John Christopher 0-0: Ball
1-0: Foul Ball, location: 2F
1-1: Foul Ball, location: 2F
1-2: Ball
2-2: Foul Ball, location: 2F
2-2: Strikes out swinging
Batting: RHB Luis Miguel Sánchez 0-0: Foul Ball, location: 2F
0-1: Swinging Strike
0-2: Ball
1-2: Ball
2-2: Strikes out looking
Batting: SHB Martín Cruz 0-0: Swinging Strike
0-1: Called Strike
0-2: Ball
1-2: Foul Ball, location: 2F
1-2: SINGLE (Groundball, 34D) (infield hit)
Batting: RHB Juan Vázquez 0-0: Ball
1-0: Called Strike
1-1: Ball
Martín Cruz is caught stealing 2nd base
Top of the 6th over - 0 run(s), 1 hit(s), 0 error(s), 0 left on base; Moose Jaw 2 - Red Deer 0
BOTTOM OF THE 6TH
Red Deer Wranglers batting - Pitching for Moose Jaw Ghostbusters : RHP Ken Rogers
Batting: LHB Del Kennedy 0-0: Ball
1-0: Ball
2-0: Ball
3-0: Swinging Strike
3-1: Foul Ball, location: 2F
3-2: Strikes out swinging
Pitching: RHP Andrés Ruíz
Batting: RHB Tom Rowe 0-0: Foul Ball, location: 2F
0-1: Foul Ball, location: 2F
0-2: Strikes out swinging
Batting: RHB Carlos Peña 0-0: Ball
1-0: Foul Ball, location: 2F
1-1: Ball
2-1: Ball
3-1: Base on Balls
Batting: LHB Greg Nelson 0-0: Called Strike
0-1: Swinging Strike
0-2: Foul Ball, location: 2F
0-2: Ball
1-2: Foul Ball, location: 2F
1-2: Fly out, F9 (Flyball, 89XD)
Bottom of the 6th over - 0 run(s), 0 hit(s), 0 error(s), 1 left on base; Moose Jaw 2 - Red Deer 0
TOP OF THE 7TH
Moose Jaw Ghostbusters batting - Pitching for Red Deer Wranglers : RHP Paul Barton
Pitching: LHP Manuel Gil
Batting: RHB Juan Vázquez 0-0: Swinging Strike
0-1: Swinging Strike
0-2: Strikes out looking
Batting: LHB John Robbins 0-0: SINGLE (Groundball, 34S)
Batting: RHB Dan Hooper 0-0: Ball
1-0: SINGLE (Flyball, 89S)
John Robbins to second
Runner from 2nd tries for 3rd, SAFE, throw made to third
Dan Hooper to second
Batting: RHB Ángel García 0-0: Ball
1-0: Ball
2-0: Fly out, F9 (Flyball, 9M)
Runner from 3rd tags up, SCORES, no throw
Batting: RHB John Major 0-0: Ball
1-0: Foul Ball, location: 2F
1-1: Ball
2-1: Called Strike
2-2: Foul Ball, location: 2F
2-2: 2-RUN HOME RUN (Flyball, 89XD), Distance : 384 ft
Batting: RHB Paco Hernández 0-0: Foul Ball, location: 2F
0-1: Called Strike
0-2: Ball
1-2: Strikes out swinging
Top of the 7th over - 3 run(s), 3 hit(s), 0 error(s), 0 left on base; Moose Jaw 5 - Red Deer 0
BOTTOM OF THE 7TH
Red Deer Wranglers batting - Pitching for Moose Jaw Ghostbusters : RHP Andrés Ruíz
Batting: LHB Fred Abrams 0-0: Ball
1-0: Called Strike
1-1: Ball
2-1: Ball
3-1: Fly out, F4 (Popup, 34)
Batting: LHB Enrico Vargas 0-0: Ball
1-0: Ball
2-0: Foul Ball, location: 2F
2-1: Ball
3-1: Base on Balls
Batting: LHB Jorge Olvera 0-0: Called Strike
Enrico Vargas steals 2nd base
0-1: Swinging Strike
0-2: Strikes out swinging
Batting: RHB Francisco López 0-0: Called Strike
0-1: Fly out, F9 (Flyball, 89M)
Bottom of the 7th over - 0 run(s), 0 hit(s), 0 error(s), 1 left on base; Moose Jaw 5 - Red Deer 0
TOP OF THE 8TH
Moose Jaw Ghostbusters batting - Pitching for Red Deer Wranglers : LHP Manuel Gil
Pitching: RHP Alonso Costello
Batting: LHB John Christopher 0-0: Called Strike
0-1: Called Strike
0-2: SINGLE (Flyball, 6MD)
Batting: RHB Luis Miguel Sánchez 0-0: Bunt - Flyout! F1
Batting: SHB Martín Cruz 0-0: Ball
1-0: Called Strike
1-1: Ball
2-1: Fly out, F3 (Line Drive, 3)
2-1: Lined into DP, U3 (Line Drive, 3)
Top of the 8th over - 0 run(s), 1 hit(s), 0 error(s), 0 left on base; Moose Jaw 5 - Red Deer 0
BOTTOM OF THE 8TH
Red Deer Wranglers batting - Pitching for Moose Jaw Ghostbusters : RHP Andrés Ruíz
Batting: LHB Andrew Veeck 0-0: Ball
1-0: Foul Ball, location: 2F
1-1: Fly out, F7 (Flyball, 78M)
Pitching: RHP Whit Johnson
Batting: LHB Del Kennedy 0-0: Ball
1-0: Ball
2-0: Called Strike
2-1: SINGLE (Line Drive, 9LS)
Batting: RHB Tom Rowe 0-0: Foul Ball, location: 2F
0-1: Ball
1-1: Called Strike
1-2: Foul Ball, location: 2F
1-2: Ball
2-2: Foul Ball, location: 2F
2-2: Strikes out looking
Batting: RHB Carlos Peña 0-0: Ball
1-0: Fly out, F6 (Popup, 6M)
Bottom of the 8th over - 0 run(s), 1 hit(s), 0 error(s), 1 left on base; Moose Jaw 5 - Red Deer 0
TOP OF THE 9TH
Moose Jaw Ghostbusters batting - Pitching for Red Deer Wranglers : RHP Alonso Costello
Batting: RHB Juan Vázquez 0-0: Called Strike
0-1: Swinging Strike
0-2: Ball
1-2: Ball
2-2: Foul Ball, location: 2F
2-2: Ball
3-2: Base on Balls
Batting: LHB John Robbins 0-0: Called Strike
0-1: Sac Bunt - play at first, batter OUT! 1-3
Juan Vázquez to second
Batting: RHB Dan Hooper 0-0: Called Strike
0-1: Ball
1-1: Ball
2-1: Ball
3-1: Fly out, F4 (Popup, 3D)
Batting: RHB Ángel García 0-0: Called Strike
0-1: Foul Ball, location: 2F
0-2: 2-RUN HOME RUN (Flyball, 7D), Distance : 360 ft
Batting: RHB John Major 0-0: Ball
1-0: Swinging Strike
1-1: Ball
2-1: SINGLE (Flyball, 89M)
Batting: RHB Paco Hernández Pickoff Throw to First - Out!
Top of the 9th over - 2 run(s), 2 hit(s), 0 error(s), 0 left on base; Moose Jaw 7 - Red Deer 0
BOTTOM OF THE 9TH
Red Deer Wranglers batting - Pitching for Moose Jaw Ghostbusters : RHP Whit Johnson
Now at 3B: Robert Carter
Batting: LHB Greg Nelson 0-0: Called Strike
0-1: Ball
1-1: Ground out 6-3 (Groundball, 6)
Batting: LHB Fred Abrams 0-0: Foul Ball, location: 2F
0-1: Swinging Strike
0-2: Ball
1-2: SINGLE (Line Drive, 9S)
Batting: LHB Enrico Vargas 0-0: Foul Ball, location: 2F
0-1: Swinging Strike
0-2: Ball
1-2: Fly out, F8 (Flyball, 8RXD)
Batting: LHB Jorge Olvera 0-0: Swinging Strike
0-1: Foul Ball, location: 2F
0-2: Ball
1-2: Ball
2-2: Strikes out swinging
Bottom of the 9th over - 0 run(s), 1 hit(s), 0 error(s), 1 left on base; Moose Jaw 7 - Red Deer 0
Monday, December 5th, 2016 - OOTP Baseball 17.12 Build 75